 Dungeon Crawl Stone Soup version 0.28.0-62-gf88900778d (webtiles) character file.

Game seed: 10813434012671092820

793 cbfl8 the Cudgeller (level 7, -3/44 HPs)
             Began as a Gargoyle Berserker on July 6, 2023.
             Was a Believer of Trog.
             Slain by a gnoll
             ... wielding a +0 spear
              (6 damage)
             ... on level 5 of the Dungeon.
             The game lasted 00:04:41 (6142 turns).

cbfl8 the Cudgeller (Gargoyle Berserker)            Turns: 6142, Time: 00:04:41

Health: -3/44      AC: 14    Str: 21    XL:     7   Next: 88%
Magic:  7/7        EV:  8    Int:  7    God:    Trog [**....]
Gold:   154        SH:  0    Dex: 11    Spells: 6/6 levels left

rFire   + . .      SeeInvis .   k - +4 club
rCold   + + .      Faith    .   (no shield)
rNeg    + . .      Spirit   .   x - +0 chain mail
rPois   ∞          Reflect  .   (no helmet)
rElec   +          Harm     .   f - scarf {rC+ rF+}
rCorr   .          Rampage  .   (no gloves)
Will    .....                   (no boots)
Stlth   ..........              (no amulet)
HPRegen 0.14/turn               q - ring of protection from cold
MPRegen 0.10/turn               (no ring)

@: on berserk cooldown, slowed, very slow
A: sickness immunity, AC +4, negative energy resistance 1, electricity
resistance, torment resistance 1, petrification resistance
a: Renounce Religion, Berserk, Trog's Hand


You were on level 5 of the Dungeon.
You worshipped Trog.
Trog was pleased with you.
You visited 1 branch of the dungeon, and saw 5 of its levels.

You collected 154 gold pieces.

Inventory:

Hand Weapons
 k - a +4 club (weapon)
Armour
 f - a scarf of resistance (worn)
 p - a +0 cloak
 x - a +0 chain mail (worn)
Jewellery
 q - a ring of protection from cold (left hand)
Wands
 i - a wand of flame (39)
 v - a wand of polymorph (7)
Scrolls
 a - 3 scrolls of teleportation {unknown}
 b - a scroll of holy word
 d - 2 scrolls of magic mapping
 j - a scroll of enchant weapon {unknown}
 l - a scroll of vulnerability {unknown}
 n - 2 scrolls of fog {unknown}
 o - 2 scrolls of enchant armour {unknown}
 w - a scroll of amnesia {unknown}
Potions
 c - 2 potions of flight {unknown}
 e - 4 potions of attraction {unknown}
 g - 2 potions of berserk rage {unknown}
 h - 3 potions of cancellation {unknown}
 m - a potion of might {unknown}
 r - a potion of curing {unknown}
 s - a potion of mutation {unknown}
 t - a potion of magic {unknown}
 u - a potion of heal wounds {unknown}


   Skills:
 + Level 4.5 Fighting
 + Level 5.2 Maces & Flails
 * Level 1.5 Throwing
 + Level 5.0 Armour
 - Level 1.5 Dodging
 * Level 3.7 Stealth
 * Level 2.9 Evocations


You had 6 spell levels left.
You didn't know any spells.
Your spell library was empty.

Dungeon Overview and Level Annotations

Branches:
Dungeon (5/15)
 Temple: D:4-7

Altars:
Makhleb
Sif Muna

Shops:
D:4 [[(


Innate Abilities, Weirdness & Mutations

You are immune to sickness and miasma.
Your stone body is resilient. (AC +4)
You are immune to poison.
You resist negative energy. (rN+)
You are resistant to electric shocks. (rElec)
You are resistant to unholy torment.
You are immune to petrification.


Message History

You hit Edmund.
Edmund is almost dead.
The gnoll hits you with a +0 whip. The gnoll hits you with a +0 spear.
You are too injured to fight recklessly!
You are too injured to fight recklessly!
You hit Edmund.
Edmund is almost dead.
Edmund hits you with a +5 dire flail of protection!
The gnoll hits you with a +0 whip. The gnoll hits you but does no damage.
You closely miss Edmund.
Edmund is almost dead.
Edmund hits you but does no damage.
You hit Edmund.
You kill Edmund!
Trog accepts your kill. The gnoll barely misses you.
The gnoll hits you with a +0 spear!
* * * LOW HITPOINT WARNING * * *
You thump the gnoll!
The gnoll is severely wounded.
The gnoll closely misses you. The gnoll barely misses you.
The gnoll hits you but does no damage.
You thump the gnoll!
You kill the gnoll!
Trog accepts your kill. The gnoll hits you but does no damage.
Your Armour skill increases to level 5!
You sock the gnoll!
The gnoll is severely wounded.
You are no longer berserk.
You are exhausted.
You feel yourself slow down. The gnoll hits you but does no damage.
You hit the gnoll.
The gnoll is almost dead.
The gnoll barely misses you. The gnoll hits you with a +0 spear.
* * * LOW HITPOINT WARNING * * *
The gnoll hits you with a +0 club.
* * * LOW HITPOINT WARNING * * *
The gnoll hits you but does no damage.
The gnoll hits you from afar with a +0 spear.
You die...

........... .......####
####..##.# ......#...
##.......# ##..........
...#...######. .......
###....>...... ...... #
#....#####..##...#
###..#..# #.#.)g).# ..
....##..## #.#.#g# #..>
.........###.#.#@#...?.
..###..#..##.#..........
..###.....##.#...#......
.................#......
....#.##).....#### #####
#.............#
<.............#
.####.........#
..............+


You could see 2 gnolls.

Vanquished Creatures
  Edmund (D:5)
  An ogre (D:4)
  Blork the orc (D:5)
  4 scorpions
  Crazy Yiuf (D:3)
  A jelly (D:5)
  Jessica (D:2)
  3 iguanas
  A hound skeleton (D:4)
  A gnoll (D:5)
  4 adders
  2 dart slugs
  7 orcs
  6 ball pythons
  7 bats
  5 endoplasms
  A giant cockroach (D:4)
  9 goblins
  4 hobgoblins
  4 jackals (D:1)
  4 quokkas
  2 frilled lizards
  5 kobolds (D:3)
  5 rats
80 creatures vanquished.

Notes
Turn   | Place    | Note
-------+----------+-------------------------------------------
     0 | D:1      | cbfl8 the Gargoyle Berserker began the quest for the Orb.
     0 | D:1      | Reached XP level 1. HP: 14/14 MP: 1/1
   215 | D:1      | Reached XP level 2. HP: 8/19 MP: 2/2
   837 | D:1      | Found a faded altar of an unknown god.
  1279 | D:1      | Reached skill level 1 in Evocations
  1279 | D:1      | Reached XP level 3. HP: 23/23 MP: 3/3
  1380 | D:1      | Reached skill level 1 in Stealth
  1740 | D:2      | Reached ** piety under Trog
  1748 | D:2      | Found a burning altar of Makhleb.
  2352 | D:2      | Noticed Jessica
  2367 | D:2      | Killed Jessica
  2368 | D:2      | Reached XP level 4. HP: 15/29 MP: 4/4
  3136 | D:3      | Found a shimmering blue altar of Sif Muna.
  3201 | D:3      | Found a runed translucent door.
  3202 | D:3      | Noticed Crazy Yiuf
  3642 | D:3      | Killed Crazy Yiuf
  3643 | D:3      | Reached XP level 5. HP: 30/33 MP: 5/5
  3895 | D:4      | Found Posoc's Armour Boutique.
  3896 | D:4      | Found Geadup's Armour Emporium.
  3897 | D:4      | Found Caqoonn's Weapon Emporium.
  4031 | D:4      | Reached XP level 6. HP: 20/38 MP: 6/6
  5092 | D:5      | Entered Level 5 of the Dungeon
  5258 | D:5      | Reached XP level 7. HP: 38/43 MP: 7/7
  5348 | D:5      | Reached skill level 5 in Maces & Flails
  5348 | D:5      | Reached skill level 1 in Throwing
  5819 | D:5      | Found a burning altar of Makhleb.
  6005 | D:5      | Noticed Blork the orc
  6014 | D:5      | Killed Blork the orc
  6121 | D:5      | Noticed Edmund
  6137 | D:5      | Killed Edmund
  6140 | D:5      | Reached skill level 5 in Armour
  6141 | D:5      | HP: 2/44 [gnoll/+0 club (2)]
  6142 | D:5      | Slain by a gnoll

Illustrated notes

Levels and vault maps discovered:
D:1:      dpeg_arrival_line_fractal, layout_loops_corners,
          ebering_ecumenical_altar_box
D:2:      layout_basic, basic_altar, wander_ebering_terrifying_dragon_lair,
          uniq_jessica
D:3:      layout_loops_ring, lemuel_doored_altar, uniq_crazy_yiuf_cottage
D:4:      minmay_spotlight, layout_loops_ring, st_stairs_14,
          nicolae_wooded_promenade
D:5:      layout_rooms, lemuel_coloured_pillars_altar,
          minmay_temple_entry_slanted, kennysheep_small_square,
          uniq_blork_the_orc, uniq_edmund

Skill      XL: |  1  2  3  4  5  6  7 |
---------------+----------------------+-----
Evocations     | 1 2 |  2.9
Stealth        | 1 2 3 |  3.7
Fighting       | 4 |  4.5
Maces & Flails | 4 5 |  5.2
Armour         | 3 4 5 |  5.0
Throwing       | 1 |  1.5
Dodging        | |  1.5

Action                   |  1- 3 |  4- 6 |  7- 9 || total
-------------------------+-------+-------+-------++-------
Melee: Mace              |   120 |       |       ||   120
       Punch             |     4 |     3 |     1 ||     8
       Club              |       |   150 |    60 ||   210
Invok: Berserk           |     2 |     3 |     2 ||     7
  Use: Scroll            |     1 |     1 |       ||     2
Armor: Animal skin       |    47 |       |       ||    47
       Scale mail        |     7 |    62 |       ||    69
       Ring mail         |     6 |       |       ||     6
       Chain mail        |       |    10 |    35 ||    45
Dodge: Dodged            |    92 |    78 |    31 ||   201
